 Dungeon Crawl Stone Soup version 0.19.3 (webtiles) character file.

96 Lahna the Covered (level 4, -13/40 HPs)
             Began as a Deep Dwarf Fighter on Jan 22, 2017.
             Was a Follower of Elyvilon.
             Mangled by Naow's ghost (18 damage)
             ... on level 3 of the Dungeon.
             The game lasted 00:06:10 (1716 turns).

Lahna the Covered (Deep Dwarf Fighter)              Turns: 1716, Time: 00:06:11

Health: -13/40     AC:  6    Str: 29    XL:     4   Next: 41%
Magic:  4/4        EV:  8    Int:  8    God:    Elyvilon [*.....]
Gold:   158        SH: 12    Dex: 13    Spells: 0 memorised, 3 levels left

rFire  . . .     SeeInvis .     a - +0 flail
rCold  . . .     Gourm    .     b - +3 leather armour
rNeg   . . .     Faith    .     c - +0 shield
rPois  .         Spirit   .     (no helmet)
rElec  .         Reflect  +     (no cloak)
rCorr  .         Harm     .     (no gloves)
MR     .....                    (no boots)
Stlth  ++........               w - +2 amulet of reflection
                                u - ring of stealth
                                t - +4 ring of strength

@: mighty, non-regenerating
A: damage resistance, recharge devices, sense surroundings 1, slow regeneration
3
a: Device Recharging, Lesser Healing, Divine Protection, Renounce Religion


You were on level 3 of the Dungeon.
You worshipped Elyvilon.
Elyvilon was aware of your devotion.
You were not hungry.

You visited 1 branch of the dungeon, and saw 3 of its levels.

You collected 158 gold pieces.

Inventory:

Hand Weapons
 a - a +0 flail (weapon)
Armour
 b - a +3 leather armour (worn)
 c - a +0 shield (worn)
 z - a +0 chain mail
Jewellery
 n - an uncursed ring of fire
 t - a +4 ring of strength (left hand)
 u - a ring of stealth (right hand)
 w - a +2 amulet of reflection (around neck)
Wands
 e - a wand of heal wounds (5/9)
Scrolls
 g - 2 scrolls of remove curse {unknown}
 h - a scroll of blinking {unknown}
 j - a scroll of noise {unknown}
 q - 2 scrolls of identify {unknown}
 x - 2 scrolls of teleportation {unknown}
 y - a scroll of immolation {unknown}
 A - 2 scrolls of magic mapping {unknown}
 B - a scroll of random uselessness {unknown}
 C - a scroll of amnesia {unknown}
Potions
 i - 2 potions of degeneration {unknown}
 k - 3 potions of heal wounds {unknown}
 o - a potion of brilliance {unknown}
 p - 3 potions of curing {unknown}
 r - a potion of cancellation {unknown}
Comestibles
 f - a bread ration
 l - 6 chunks of flesh
 m - 3 meat rations
 s - a royal jelly
 v - 2 fruits


   Skills:
 - Level 2.6 Fighting
 + Level 3.8 Maces & Flails
 + Level 4.4 Armour
 - Level 3.2 Shields


You had 3 spell levels left.
You didn't know any spells.

Dungeon Overview and Level Annotations

Branches:
Dungeon (3/15)

Altars:
Elyvilon
Gozag

Annotations:
D:3 Naow's ghost, amateur OgHu


Innate Abilities, Weirdness & Mutations

You are resistant to damage.
You can recharge devices by infusing magical energy.
You passively map a small area around you.
You do not regenerate.


Message History

Naow's ghost turns its malevolent gaze towards you.
Found a stone staircase leading down.
There is a stone staircase leading down here.
Naow's ghost grins evilly.
You feel very mighty all of a sudden.
You barely miss Naow's ghost. You block Naow's ghost's attack.
You closely miss Naow's ghost.
Naow's ghost says very slowly, "There's no hope."
Naow's ghost hits you! Naow's ghost hits you!!
Ouch! That really hurt!
* * * LOW HITPOINT WARNING * * *
A rat and a hobgoblin come into view.
The hobgoblin shouts!
You sock Naow's ghost!
Naow's ghost is moderately damaged.
You block Naow's ghost's attack.
You thump Naow's ghost!
Naow's ghost is heavily damaged.
Naow's ghost hits you!!
You die...

* #...##########.##### *
#...# #.......# #...#
#.##.##.# #...#
#.##.##.## * #...#
#.##......
#####...#######.#####...
*
#............##.#####...
,,
#.#....>..##.##.........
,#....@#.# ########.. ,
.......W.......* ##. *
..#.....#.##.#. #.
#.#......... # ##
.........r..
..g............
K.#..#.#.# ..>. #.#....
.. .... , ,


You could see Naow's ghost, a hobgoblin, a kobold (wandering) and a rat.

Vanquished Creatures
  2 adders
  4 dart slugs
  2 leopard geckos (D:2)
  2 orcs (D:3)
  9 bats
  A giant cockroach (D:1)
  5 goblins
  13 hobgoblins
  4 jackals (D:1)
  A quokka (D:3)
  3 frilled lizards
  8 kobolds
  7 rats
61 creatures vanquished.

Notes
Turn   | Place    | Note
-------+----------+-------------------------------------------
     0 | D:1      | Lahna the Deep Dwarf Fighter began the quest for the Orb.
     0 | D:1      | Reached XP level 1. HP: 20/20 MP: 1/1
   299 | D:1      | Reached XP level 2. HP: 27/27 MP: 2/2
   610 | D:1      | Reached skill level 4 in Armour
   717 | D:1      | Reached XP level 3. HP: 30/33 MP: 3/3
   924 | D:2      | Found an opulent altar of Gozag.
  1096 | D:2      | Found a white marble altar of Elyvilon.
  1105 | D:2      | Became a worshipper of Elyvilon the Healer
  1159 | D:2      | Reached XP level 4. HP: 33/40 MP: 4/4
  1592 | D:3      | Reached * piety under Elyvilon
  1708 | D:3      | Noticed Naow's ghost (amateur OgHu)
  1716 | D:3      | Mangled by Naow's ghost

Skill      XL: |  1  2  3 |
---------------+----------+-----
Armour         | 4 |  4.4
Maces & Flails | 3 |  3.8
Fighting       | |  2.6
Shields        | |  3.2

Action                   |  1- 3 |  4- 6 || total
-------------------------+-------+-------++-------
Melee: Flail             |   140 |    33 ||   173
  Use: Potion            |       |     1 ||     1
 Stab: Distracted        |       |     2 ||     2
  Eat: Chunk             |     1 |     2 ||     3
Armor: Scale mail        |    71 |       ||    71
       Chain mail        |    10 |     4 ||    14
       Leather armour    |       |     8 ||     8
Dodge: Dodged            |    54 |     4 ||    58
Block: Shield            |   104 |    18 ||   122
       Reflection        |       |     1 ||     1
